cohdb
Replays
Latest Replays
All Replays
Popular Replays
Top Player Replays
Match Explorer
How It Works
Community
CoH3 Stats
Reddit
Sign in to upload your games and track your stats! →
Sign in with Steam
Match 44897718
Unlisted
Match 44897718
Overview
Messages
Build Orders
End
Construct Section Command Post
Royal Engineer Section
Selects Canadian Shock Battlegroup
Dingo Light Scout Car
Infantry Section
Infantry Section
Selects Offensive Resupply
Construct Platoon Command Post
Humber Armored Car
Selects Incendiary Munitions
Selects Canadian Shock Section
Construct Field Infirmary
Grenade Package
Selects Pyrotechnics
Canadian Shock Section
Unlock M3 Stuart Light Tanks
M3 Stuart Light Tank
M3 Stuart Light Tank
Fupped
Michael Bolton
twysty
kkangza
317jun
ShallTearss
0
0
Comments
sign in to comment!
No comments posted yet!